 Dungeon Crawl Stone Soup version 0.31-a0-609-g7bf6ffcfed (webtiles) character file.

Game seed: 15011541884106651335

261 Ghostmaker01 the Grave Robber (level 5, -5/17 HPs)
             Began as a Vampire Necromancer on Aug 17, 2023.
             Slain by Duvessa
             ... wielding a +0 short sword of holy wrath
              (9 damage)
             ... on level 4 of the Dungeon on Aug 21, 2023.
             The game lasted 00:18:39 (3235 turns).

Ghostmaker01 the Grave Robber (Vampire Necromancer) Turns: 3235, Time: 00:18:40

Health: -5/17      AC:  6    Str:  7    XL:     5   Next: 96%
Magic:  0/10       EV: 12    Int: 19    God:
Gold:   230        SH:  0    Dex: 15    Spells: 7/11 levels left

rFire   . .          .
                       - Unarmed
rCold   . . .        (shield currently unavailable)
rNeg    . . .        a - +0 robe
rPois   .            l - +2 helmet
rElec   .            (no cloak)
rCorr   .            (no gloves)
SInv    +            c - +0 pair of boots
Will    .....        (no amulet)
Stlth   +            (no ring)
HPRegen 0.42/turn    (no ring)
MPRegen 0.12/turn

%: no passive effects
@: flux-form, healing quickly, glowing
A: glow, contaminating, reduced hp, alive, fangs 3, see invisible, vampiric 2
a: Exsanguinate, Begin Untransformation


You were on level 4 of the Dungeon.
You were something dangerously unstable.
You visited 1 branch of the dungeon, and saw 4 of its levels.

You collected 230 gold pieces.

Inventory:

Armour
 a - a +0 robe (worn)
 c - a +0 pair of boots (worn)
 l - a +2 helmet (worn)
Talismans
 e - a flux talisman (active)
Wands
 m - a wand of light (7)
Scrolls
 d - 2 scrolls of teleportation
 f - a scroll of fear
 k - a scroll of noise {unknown}
 n - a scroll of revelation {unknown}
 o - a scroll of amnesia {unknown}
 q - a scroll of vulnerability {unknown}
 r - a scroll of acquirement {unknown}
 v - a scroll of fog {unknown}
Potions
 b - a potion of magic
 h - a potion of attraction {unknown}
 i - a potion of heal wounds {unknown}
 j - 2 potions of degeneration
 p - a potion of invisibility {unknown}
 s - 2 potions of enlightenment {unknown}
 t - a potion of curing {unknown}
 u - a potion of mutation {unknown}


   Skills:
 - Level 0.1 Fighting
 + Level 2.5 Dodging
 * Level 3.7 Stealth
 + Level 1.3 Unarmed Combat
 * Level 3.7 Spellcasting
 * Level 6.1 Necromancy
 * Level 1.0 Shapeshifting


You had 7 spell levels left.
You knew the following spells:

 Your Spells              Type           Power      Damage    Failure   Level
a - Necrotise             Necr           100%       1d9       1%          1
b - Vampiric Draining     Necr           26%        2d7       3%          3

Your spell library contained the following spells:

 Spells                   Type           Power      Damage    Failure   Level
 Animate Dead             Necr           26%        N/A       12%         4
 Magic Dart               Conj           12%        1d3       14%         1
 Call Imp                 Summ           6%         N/A       22%         2
 Agony                    Necr           26%        N/A       32%         5
 Mephitic Cloud           Conj/Pois/Air  3%         N/A       38%         3


Dungeon Overview and Level Annotations

Branches:
Dungeon (4/15)
 Temple: D:4-7

Altars:

Annotations:
D:4 Dowan, Duvessa


Innate Abilities, Weirdness & Mutations

You are something dangerously unstable.
You glow with magical radiation, making you easy to see and hit.
Foes you strike become dangerously contaminated with magical radiation.
Your maximum health is decreased, since you lack skill for your form.
You are incapable of wielding weapons or throwing items.
Your natural rate of healing is accelerated.
You have razor-sharp teeth.
You have supernaturally acute eyesight. (SInv)
You are afflicted with vampirism and can become a bat while bloodless.


Message History

Duvessa writhes in agony.
Your orc skeleton barely misses Duvessa.
Duvessa barely misses you.
Unknown command.
Casting: Necrotise (safe; 1% risk of failure)
Confirm with . or Enter, or press ? or * to list all spells.
Aiming: Necrotise (safe; 1% risk of failure)
Press: ? - help, Shift-Dir - straight line, f/p - Duvessa
Aim: Duvessa, wielding a +0 short sword of holy wrath and wearing a +0 leather armour (heavily wounded, ally target, chance to affect: 70%) Duvessa struggles to resist.
Your orc skeleton barely misses Duvessa.
Dowan hits you with a +0 dagger. Duvessa closely misses you.
You hit Duvessa.
Duvessa begins to glow.
Duvessa is heavily wounded.
Dowan hits you with a +0 dagger.
Duvessa hits you with a +0 short sword of holy wrath!
You convulse.
Your orc skeleton barely misses Duvessa.
You hit Duvessa but do no damage.
Duvessa glows dangerously bright.
Duvessa is heavily wounded.
You barely miss Duvessa.
Duvessa is heavily wounded.
Duvessa hits you with a +0 short sword of holy wrath.
* * * LOW HITPOINT WARNING * * *
You convulse.
* * * LOW HITPOINT WARNING * * *
Dowan misses you.
Your orc skeleton closely misses Duvessa.
Casting: Necrotise (safe; 1% risk of failure)
Confirm with . or Enter, or press ? or * to list all spells.
You don't know that spell.
Casting: Necrotise (safe; 1% risk of failure)
Confirm with . or Enter, or press ? or * to list all spells.
Aiming: Necrotise (safe; 1% risk of failure)
Press: ? - help, Shift-Dir - straight line, f/p - Duvessa
Aim: Duvessa, wielding a +0 short sword of holy wrath and wearing a +0 leather armour (heavily wounded, heavily contaminated, ally target, chance to affect: 70%) Duvessa struggles to resist.
Dowan barely misses you.
Duvessa hits you with a +0 short sword of holy wrath!
Ouch! That really hurt!
You die...

#.##.# #...# .)##.###
#...# .......# #...#
.###.#.#########>..#####
.##.....................
.....................<..
...#####.....>...........
.#.# #.#######...######
...# #.# #..Be...# ##.#
#.# #.#eZ.#.# #.#####.#
...#)..#.# ##.......# #..
....# # ......#### #..
#...# ####..# ## #..?#
####..# ..... ......#
###### ####.##


You could see Duvessa (heavy contam, ally target), Dowan and a friendly orc
skeleton.

Vanquished Creatures
  A scorpion (D:4)
  Jessica (D:2)
  Natasha (twice) (D:3)
  6 adders
  2 worms (D:4)
  A dart slug (D:2)
  2 orcs (D:4)
  4 endoplasms
  2 giant cockroaches
  5 goblins
  3 hobgoblins
  3 jackals (D:3)
  4 quokkas
  4 ball pythons
  5 bats
  3 frilled lizards
  7 kobolds
  A rat (D:2)
56 creatures vanquished.

Vanquished Creatures (collateral kills)
  A river rat (D:4)
  A jackal (D:3)
2 creatures vanquished.

Grand Total: 58 creatures vanquished

Notes
Turn   | Place    | Note
-------+----------+-------------------------------------------
     0 | D:1      | Ghostmaker01 the Vampire Necromancer began the quest for
                  | the Orb.
     0 | D:1      | Reached XP level 1. HP: 13/13 MP: 3/3
    67 | D:1      | Upgraded the game from 0.31-a0-564-g3b7de120b3 to
                  | 0.31-a0-574-g69dc8cc98e
   553 | D:1      | Reached XP level 2. HP: 6/19 MP: 3/5
   735 | D:2      | Reached skill level 5 in Necromancy
   965 | D:2      | Gained mutation: You are afflicted with vampirism and can
                  | become a bat while bloodless. [Vampire growth]
   965 | D:2      | Reached XP level 3. HP: 9/24 MP: 2/6
  1194 | D:2      | Reached skill level 1 in Unarmed Combat
  1583 | D:2      | Noticed Jessica
  1622 | D:2      | Killed Jessica
  1623 | D:2      | Reached XP level 4. HP: 10/30 MP: 2/8
  1854 | D:2      | Learned a level 3 spell: Vampiric Draining
  2160 | D:3      | Noticed Natasha
  2164 | D:3      | Killed Natasha
  2618 | D:3      | Noticed Natasha
  2622 | D:3      | Killed Natasha
  2623 | D:3      | Reached XP level 5. HP: 16/35 MP: 4/9
  2746 | D:4      | Reached skill level 6 in Necromancy
  2746 | D:4      | Reached skill level 1 in Shapeshifting
  2820 | D:4      | Upgraded the game from 0.31-a0-574-g69dc8cc98e to
                  | 0.31-a0-609-g7bf6ffcfed
  3226 | D:4      | Noticed Duvessa
  3228 | D:4      | Noticed Dowan
  3235 | D:4      | Slain by Duvessa

Illustrated notes

Levels and vault maps discovered:
D:1:      kennysheep_arrival_forest, layout_basic
D:2:      layout_basic, kennysheep_generic_room_14, uniq_jessica
D:3:      layout_basic, uniq_natasha
D:4:      layout_loops_cross, mainiacjoe_overflow_surrounded_room,
          lightli_sewer_entry_pipes, minmay_a_box_with_orc_wizards_in_it,
          uniq_duvessa, uniq_menkaure

Skill      XL: |  1  2  3  4  5 |
---------------+----------------+-----
Necromancy     | 5 6 |  6.1
Unarmed Combat | 1 |  1.3
Spellcasting   | 3 |  3.7
Shapeshifting  | 1 |  1.0
Fighting       | |  0.1
Dodging        | |  2.5
Stealth        | |  3.7

Action                     |  1- 3 |  4- 6 || total
---------------------------+-------+-------++-------
  Melee: Unarmed           |    49 |     8 ||    57
         Bite              |     4 |     1 ||     5
   Cast: Necrotise         |    52 |    61 ||   113
         Vampiric Draining |       |     1 ||     1
    Use: Scroll            |       |     3 ||     3
   Stab: Distracted        |     1 |       ||     1
 Armour: Robe              |    19 |     7 ||    26
  Dodge: Dodged            |    58 |    20 ||    78
   Form: Flux              |     2 |       ||     2
                           |     1 |       ||     1

Table legend: (Time is in decaauts)
 A = Elapsed time spent in this place.
 B = Non-inter-level travel time spent in this place.
 C = Inter-level travel time spent in this place.
 D = Time resting spent in this place.
 E = Time spent auto-exploring this place.
 F = Levels seen in this place.
 G = Mean time per level.
                   A        B        C        D        E       F      G
               +--------+--------+--------+--------+--------+-----+--------+
         Total |   3237 |   3143 |     94 |     20 |   2578 |   4 |  809.2 |
       Dungeon |   3237 |   3143 |     94 |     20 |   2578 |   4 |  809.2 |
               +--------+--------+--------+--------+--------+-----+--------+

Top non-repeatable levels by time:
     D:2: 1418 daAuts
     D:1: 710 daAuts
     D:3: 607 daAuts
     D:4: 500 daAuts
